 BcadrenCrawl: Boulder Brew version 0.04.2-19-ga012a504bd (webtiles) character file.

Game seed: 16853461950106273003, levelgen mode: deterministic

651 gruber the Caller (level 7, 12/50 HPs) Goblin Summoner. Began on May 21, 2021. Quit the game on level 2 of the Dungeon. The game lasted 00:10:15 (2053 turns).

gruber the Caller (Goblin Summoner)                 Turns: 2053, Time: 00:10:16

Health: 12/50      AC:  2    Str:  2    XL:     7 ^: 79
Magic:  3/8        EV: 19    Int:  9    God:
Gold:   86         SH:  0    Dex:  7    Spells: 1/11 levels left

rFire    . . .     Vision   .   b - +1 dagger (venom)
rCold    . . .     Gourm    .   (weapon restricted)
rNeg     . . .     Faith    .   a - +0 robe
rPois    .         Spirit   .   (no helmet)
rElec    .         Reflect  .   (no cloak)
rCorr    .         Harm     .   (no gloves)
MR       .....                  (no boots)
Stlth    +.........             (no amulet)
HPRegen  0.26/turn              e - ring of wizardry
MPRegen  0.18/turn              g - ring of evasion

@: lethally poisoned (12 -> -4), very slow
A: small, stagnant stats, goblin's greed, claws 1, low mp 1, mutation resistance
1, god's pity 2
a: no special abilities


You were on level 2 of the Dungeon.
You were hungry.

You visited 1 branch of the dungeon, and saw 2 of its levels.

You collected 72 gold pieces.

Inventory:

Weapons
 b - a +1 dagger of venom (weapon)
Armour
 a - a +0 robe (worn)
Jewellery
 e - a ring of wizardry (left claw)
 g - a ring of evasion (right claw)
 h - an uncursed ring of positive energy
Scrolls
 i - 3 scrolls of enchantment
 j - a scroll of amnesia
Potions
 d - a potion of haste
 k - a potion of brilliance
Comestibles
 c - a ration
 l - a chunk of flesh


   Skills:
 - Level 5.0 Fighting
 - Level 5.0 Short Blades
 - Level 2.6 Dodging
 - Level 2.6 Stealth
 - Level 2.6 Spellcasting
 - Level 7.0 Summonings
 * Level 5.4 Ice Magic


You had one spell level left.
You knew the following spells:

 Your Spells              Type           Power        Failure   Level  Hunger
a - Summon Small Mammal   Summ           13 (25)      1%          1    ##.....
b - Call Imp              Summ           13 (100)     1%          2    ###....
c - Call Canine Familiar  Summ           13 (100)     2%          3    ####...
d - Summon Ice Beast      Ice/Summ       12 (100)     10%         4    #####..

Your spell library contained the following spells:

 Spells                   Type           Power        Failure   Level  Hunger
 Summon Lightning Spire   Summ/Air       7 (100)      58%         5    ######.


Dungeon Overview and Level Annotations

Branches:
Dungeon (2/8)

Altars:
Elyvilon
Hepliaklqana
Uskayaw
Wu Jian


Innate Abilities, Weirdness & Mutations

Your stats never grow through leveling.
Your goblin ancestry allows you to find more gold. (+20%)
You are small and have problems with some larger weapons.
Your magical capacity is low. (-10% MP)
You are somewhat resistant to further mutation.
The pity of the gods increases the power of your passive and invoked divine abilities.
You have sharp fingernails. (+2 Unarmed)


Message History

You feel very sick. (3)
The water moccasin bites you (3).
You are lethally poisoned!
The water moccasin poisons you (14)!
Your ice beast hits the water moccasin (5).
Your ice beast freezes the water moccasin (7)!
The water moccasin dies!
Your Ice Magic skill increases to level 5!
Unknown command.
Unknown command.
You feel sick. (2)
You see here a water moccasin corpse.
Okay, then.
You enter the shallow water.
Moving in this stuff is going to be slow.
* * * LOW HITPOINT WARNING * * *
You feel very sick. (4)
* * * LOW HITPOINT WARNING * * *
You feel very sick. (3) Are you sure you want to abandon this character and quit the game? (Confirm with "yes".)

≈...†_.÷.≈..≈..†.≈≈##≈#≈.######..
.#≈.....≈#≈.≈≈≈≈.#≈≈.≈##..≈..≈..≈
.#.......#≈.≈≈≈≈≈##.≈≈≈#.........
.##≈..≈.##..≈≈≈≈≈#.≈≈#≈..........
.####.####..≈≈≈≈÷≈P###...........
.≈.≈.≈..P≈..≈≈≈≈≈### #..........≈
#...≈#...##.≈≈≈≈†# #...........≈
#### .;.##.≈≈≈Yh##..............
≈≈≈≈≈≈)≈@≈#.............≈
#.#≈≈)÷≈÷##≈............
###≈≈=≈≈≈###≈...>...... #≈≈≈≈≈≈.
#≈.......... #≈≈≈≈≈.. #≈≈≈≈≈≈#≈
..≈≈≈≈≈≈#. ..≈########


You could see a friendly ice beast and a friendly hound.

Vanquished Creatures
  2 big kobolds
  4 giant cockroaches
  30 sewer rats
  3 cinder newts
  2 oozes (D:2)
  A dart slug (D:1)
  A leopard gecko (D:1)
  An adder skeleton (D:2)
  2 bats (D:1)
  2 cinder newt skeletons (D:2)
  8 goblins (D:1)
  2 hobgoblins (D:1)
  A ball python (D:2)
  A hobgoblin skeleton (D:2)
  8 kobolds
  2 rats (D:1)
  A rat skeleton (D:2)
71 creatures vanquished.

Vanquished Creatures (collateral kills)
  A water moccasin (D:2)
  2 jellies (D:2)
  5 sewer rats (D:2)
  An adder skeleton (D:2)
  A bat (D:2)
  A kobold (D:1)
  A goblin (D:1)
12 creatures vanquished.

Vanquished Creatures (others)
  6 kobolds (D:2)
  A bat (D:2)
  56 withered plants (D:2)
63 creatures vanquished.

Grand Total: 146 creatures vanquished

Notes
Turn   | Place    | Note
-------+----------+-------------------------------------------
     0 | D:1      | gruber the Goblin Summoner began the quest for the Orb.
     0 | D:1      | Reached XP level 1. HP: 11/11 MP: 2/2
    40 | D:1      | Reached skill level 1 in Short Blades
    63 | D:1      | Reached XP level 2. HP: 8/17 MP: 4/4
   114 | D:1      | Reached XP level 3. HP: 18/21 MP: 5/5
   364 | D:1      | Reached XP level 4. HP: 25/27 MP: 6/6
   561 | D:1      | Gained mutation: You have sharp fingernails. (+2 Unarmed)
                  | [potion of mutation]
   819 | D:2      | Noticed a big kobold
   833 | D:1      | Reached skill level 5 in Short Blades
   909 | D:1      | Killed a big kobold
   909 | D:1      | Reached XP level 5. HP: 12/36 MP: 7/7
  1165 | D:1      | Reached XP level 6. HP: 39/44 MP: 8/8
  1246 | D:2      | Reached skill level 5 in Fighting
  1288 | D:2      | Learned a level 2 spell: Call Imp
  1292 | D:2      | Learned a level 3 spell: Call Canine Familiar
  1297 | D:2      | Learned a level 4 spell: Summon Ice Beast
  1432 | D:2      | Reached skill level 6 in Summonings
  1570 | D:2      | Reached skill level 7 in Summonings
  1570 | D:2      | Reached XP level 7. HP: 37/50 MP: 7/8
  1630 | D:2      | Reached skill level 1 in Ice Magic
  1667 | D:2      | Found a hide-covered altar of Uskayaw.
  1851 | D:2      | Found a white marble altar of Elyvilon.
  1919 | D:2      | Found a hazy altar of Hepliaklqana.
  1919 | D:2      | Found an ornate altar of the Wu Jian Council.
  2049 | D:2      | Reached skill level 5 in Ice Magic
  2053 | D:2      | Quit the game

Levels and vault maps discovered:
D:1:      scummos_arrival_star, layout_loops_corners
D:2:      layout_sewer, old_standard_altar, gammafunk_temple_overflow_wave,
          sewer_frog_pond, basic_altar, elyvilon_altar_4

Skill      XL: |  1  2  3  4  5  6  7 |
---------------+----------------------+-----
Short Blades   | 1 3 4 5 |  5.0
Fighting       | 3 4 5 |  5.0
Summonings     | 7 |  7.0
Ice Magic      | 5 |  5.4
Dodging        | |  2.6
Stealth        | |  2.6
Spellcasting   | |  2.6

Action                   |  1- 3 |  4- 6 |  7- 9 || total
-------------------------+-------+-------+-------++-------
Melee: Unarmed           |    41 |   181 |    88 ||   310
       Dagger            |    35 |   193 |    93 ||   321
 Cast: Summon Small Mamm |     1 |     1 |       ||     2
       Call Canine Famil |       |     6 |     7 ||    13
       Call Imp          |       |     4 |     6 ||    10
       Summon Ice Beast  |       |       |     1 ||     1
  Use: Potion            |       |     1 |     2 ||     3
 Stab: Sleeping          |     4 |     1 |       ||     5
  Eat: Chunk             |       |     3 |     4 ||     7
Armor: Robe              |     5 |     7 |     6 ||    18
Dodge: Dodged            |    18 |   155 |    84 ||   257
